[Event "Titled Tuesday Blitz August 31 2021"]
[White "Siniauski, Artsiom"]
[Black "Tsaruk, Maksim"]
[WhiteFideId "13512269"]
[BlackFideId "13511173"]
[WhiteElo "2210"]
[BlackElo "2184"]
[Result "0-1"]
[Round "10"]
[TimeControl "180+1"]
[Date "2021.08.31"]
[WhiteClock "0:00:01"]
[BlackClock "0:00:37"]

1. e4 c5 2. Nf3 d6 3. d4 cxd4 4. Qxd4 Nf6 5. Nc3 Nc6 6. Bb5 Bd7 7. Bxc6 Bxc6 8. Bg5 e6 9. O-O-O Be7 10. Kb1 Qa5 11. Qd2 O-O 12. Nd5 Bd8 13. Qxa5 Bxa5 14. Nxf6+ gxf6 15. Bxf6 Bxe4 16. Rxd6 Rfc8 17. Rc1 Rc5 18. Nd2 Bg6 19. Nb3 Rf5 20. Bd4 Bb4 21. Rd7 b6 22. a3 Bf8 23. f3 Rc8 24. Rxa7 Bh6 25. Rd1 Rb5 26. Bc3 Rxb3 27. Ka2 Bxc2 28. Rdd7 Rb5 29. Rxf7 Bb3+ 30. Kb1 Rd5 31. Rfd7 Rd8 32. Rxd8+ Rxd8 0-1


[Site "https://www.chess.com"]

[Event "Titled Tuesday Blitz August 31 2021"]
[White "Siva Mahadevan"]
[Black "Krysa, Leandro"]
[WhiteFideId "25043153"]
[BlackFideId "116807"]
[WhiteElo "2203"]
[BlackElo "2490"]
[Result "0-1"]
[Round "10"]
[TimeControl "180+1"]
[Date "2021.08.31"]
[WhiteClock "0:00:14"]
[BlackClock "0:00:05"]

1. e4 c5 2. Nf3 Nc6 3. Nc3 g6 4. d4 cxd4 5. Nxd4 Bg7 6. Be3 Nf6 7. Bc4 Qa5 8. O-O O-O 9. Bb3 d6 10. h3 Bd7 11. f4 Nxd4 12. Bxd4 Bc6 13. Qd3 Nd7 14. Bxg7 Kxg7 15. Rae1 Rac8 16. Kh2 Qc5 17. a3 b5 18. Nd5 Bxd5 19. exd5 Rfe8 20. Re3 Nf6 21. Rfe1 Rc7 22. c3 a5 23. R3e2 Qb6 24. Qf3 Qc5 25. g4 b4 26. cxb4 axb4 27. a4 Qb6 28. g5 Nd7 29. f5 Ne5 30. f6+ Kg8 31. Qf4 Rec8 32. Rf1 Ra7 33. Qh4 Qd8 34. Ref2 Rac7 35. Qe4 Rc5 36. fxe7 Qxe7 37. Rxf7 Qxf7 38. Rxf7 Nxf7 39. h4 Kf8 40. Qxb4 Re8 41. a5 Rc1 42. Qd2 Rce1 43. Bc4 Ne5 44. Be2 Ra1 45. a6 Kg7 46. Qf4 Rf8 47. Qd4 Re1 48. Bb5 Kg8 49. Kg2 Rc1 50. a7 Rc2+ 51. Kh1 Rc1+ 52. Kg2 Rc2+ 53. Kh1 Nf3 0-1


[Site "https://www.chess.com"]

[Event "Titled Tuesday Blitz August 31 2021"]
[White "Sjugirov, Sanan"]
[Black "Goltsev, Dmitry"]
[WhiteFideId "4189302"]
[BlackFideId "24176710"]
[WhiteElo "2472"]
[BlackElo "2369"]
[Result "1/2-1/2"]
[Round "10"]
[TimeControl "180+1"]
[Date "2021.08.31"]
[WhiteClock "0:00:06"]
[BlackClock "0:00:09"]

1. d4 e6 2. c4 d5 3. Nf3 Nf6 4. Nc3 Bb4 5. Bg5 O-O 6. e3 h6 7. Bh4 c6 8. Rc1 Nbd7 9. Bd3 Be7 10. O-O a6 11. a3 b5 12. c5 Ne8 13. Bg3 f5 14. b4 g5 15. Ne5 Nxe5 16. Bxe5 Nf6 17. a4 Bd7 18. Ra1 Be8 19. h3 Nd7 20. Bh2 Bf6 21. Bd6 Rf7 22. axb5 axb5 23. Rxa8 Qxa8 24. Qa1 Qb7 25. Qa5 Be7 26. Bxe7 Rxe7 27. Ra1 Nf6 28. Qd8 Qc7 29. Qxc7 Rxc7 30. Ne2 Kf7 31. Bc2 Ke7 32. Nc1 Kd7 33. Nd3 Kc8 34. f4 Kb8 35. Ne5 Nd7 36. Nxd7+ Rxd7 37. Kf2 Rg7 38. g3 gxf4 39. exf4 h5 40. Bd1 Ra7 41. Rxa7 Kxa7 42. Bc2 Kb8 43. g4 hxg4 44. hxg4 fxg4 45. Kg3 Kc7 46. Kxg4 Kd7 47. Kg5 Ke7 48. Bh7 Bd7 49. Bg6 Bc8 50. Bh5 Bd7 51. Be2 Be8 52. Bd3 Bd7 53. Kg6 Be8+ 54. Kg7 Bd7 55. Bg6 Bc8 56. Bh5 Bd7 57. Bg4 Bc8 58. Kg6 Bd7 59. Bh3 Be8+ 60. Kg5 Bf7 61. Bf1 Be8 62. Be2 Bd7 63. Bh5 Bc8 64. Bg6 Bd7 65. Bd3 Be8 66. f5 exf5 67. Bxf5 Bf7 68. Bc8 Be8 69. Kf5 Bh5 70. Ke5 Be2 71. Be6 Bf3 72. Bf5 Bg2 73. Bc8 Bf3 74. Be6 Bg2 75. Bf5 Bf3 76. Bg6 Kd7 77. Kf6 Kc7 78. Ke7 Be2 79. Bf7 Bc4 80. Kf6 Bb3 81. Ke5 Bc4 82. Ke6 Bb3 83. Ke7 Bc4 84. Be6 Bb3 85. Bf5 Bc4 86. Bc2 Ba2 87. Ke6 Bc4 88. Bd1 Ba2 89. Be2 Bb1 90. Bxb5 cxb5 91. Kxd5 Ba2+ 92. Ke5 Kc6 93. Ke4 Bg8 94. Ke5 Bd5 95. Kf5 Bg2 96. Ke5 Bh1 97. Ke6 Bg2 98. Ke5 Bd5 99. Kf5 Bc4 100. Ke5 Bb3 101. Ke4 Bd5+ 102. Ke5 Ba2 103. Ke4 Bb1+ 104. Ke5 Ba2 1/2-1/2


[Site "https://www.chess.com"]

[Event "Titled Tuesday Blitz August 31 2021"]
[White "Thing, Bibek"]
[Black "Tanenbaum, Zachary"]
[WhiteFideId "12303135"]
[BlackFideId "2060850"]
[WhiteElo "2000"]
[BlackElo "2165"]
[Result "0-1"]
[Round "10"]
[TimeControl "180+1"]
[Date "2021.08.31"]
[WhiteClock "0:00:05"]
[BlackClock "0:00:10"]

1. e4 e5 2. Nf3 Nc6 3. Bc4 Nf6 4. d3 Be7 5. a4 O-O 6. a5 a6 7. O-O d6 8. c3 Be6 9. Nbd2 h6 10. Re1 Qd7 11. Bb3 Bxb3 12. Qxb3 Nh5 13. Nc4 Kh8 14. Ne3 Nf4 15. Qc2 g6 16. Nd5 g5 17. Ne3 g4 18. Nd2 Bg5 19. Nf5 Ne7 20. Nxe7 Qxe7 21. Nf1 f5 22. exf5 Rxf5 23. Ne3 Rff8 24. Nxg4 Ne6 25. Ra4 Rg8 26. Nxh6 Bxh6 27. Bxh6 Nc5 28. Rb4 Qh7 29. Be3 Nxd3 30. Rh4 Rxg2+ 31. Kf1 Qxh4 32. Qxd3 Rag8 33. Ke2 Rf8 34. Rf1 Qg4+ 35. Ke1 Qf5 36. Qd5 Qb1+ 37. Ke2 Qxb2+ 38. Bd2 Qb5+ 39. Qxb5 axb5 40. h4 Rh2 41. Bg5 d5 42. Be3 Rxh4 43. Rb1 c6 44. Ra1 Ra4 45. Rh1+ Kg7 46. Bh6+ Kf7 47. Bxf8 Kxf8 48. Rh8+ Ke7 49. Rh7+ Kd6 50. Rxb7 Rxa5 51. Kd3 Ra3 52. Kc2 Ra2+ 53. Kb3 Rxf2 54. Rb8 e4 55. Rd8+ Kc5 56. Re8 Rf3 57. Kc2 Kc4 58. Re6 c5 59. Kd2 Rxc3 60. Re8 Rd3+ 61. Kc2 e3 62. Re7 d4 63. Kb2 Rd2+ 64. Kc1 Kc3 65. Rc7 c4 66. Kb1 e2 67. Re7 Rd1+ 68. Ka2 e1=Q 69. Re2 Qxe2+ 70. Ka3 Ra1# 0-1


[Site "https://www.chess.com"]

[Event "Titled Tuesday Blitz August 31 2021"]
[White "Tokhirjonova, Gulrukhbegim"]
[Black "Popadic, Dragan"]
[WhiteFideId "14203626"]
[BlackFideId "913650"]
[WhiteElo "2236"]
[BlackElo "2207"]
[Result "1-0"]
[Round "10"]
[TimeControl "180+1"]
[Date "2021.08.31"]
[WhiteClock "0:00:22"]
[BlackClock "0:00:59"]

1. Nf3 Nf6 2. g3 g6 3. Bg2 Bg7 4. O-O O-O 5. d4 d6 6. c4 Nbd7 7. Nc3 e5 8. Bg5 h6 9. Bd2 Re8 10. e3 c6 11. Qc2 Qc7 12. Rad1 Nf8 13. Rfe1 Bf5 14. e4 Bg4 15. d5 cxd5 16. cxd5 Rac8 17. h3 Bd7 18. Kh2 a6 19. Qd3 b5 20. Rc1 Qb7 21. b4 Rc4 22. a3 Rec8 23. Be3 N8h7 24. Nd2 R4c7 25. Ne2 Ng5 26. Nb3 Rxc1 27. Rxc1 Rxc1 28. Nexc1 Qc8 29. Na5 Nxh3 30. Nc6 Kh7 31. Na7 Ng4+ 32. Kxh3 Nxf2+ 33. Kh2 Nxd3 34. Nxc8 Nxc1 35. Nb6 Bg4 36. Bxc1 f5 37. Nc8 Bf8 38. Na7 fxe4 39. Bxe4 Kg7 40. Nc6 Be2 41. Nb8 g5 42. Nxa6 Kf6 43. Nc7 Ke7 44. Bf5 Bg7 45. Be3 Kd8 46. Ne6+ Kc8 47. Nxg7+ 1-0


[Site "https://www.chess.com"]

[Event "Titled Tuesday Blitz August 31 2021"]
[White "Tologon tegin, Semetei"]
[Black "Liyanage, Ranindu Dilshan"]
[WhiteFideId "13800574"]
[BlackFideId "9915834"]
[WhiteElo "2224"]
[BlackElo "1839"]
[Result "1-0"]
[Round "10"]
[TimeControl "180+1"]
[Date "2021.08.31"]
[WhiteClock "0:01:15"]
[BlackClock "0:01:13"]

1. e4 g6 2. d4 Bg7 3. Nc3 d6 4. Nf3 a6 5. a4 b6 6. Be3 Bb7 7. Bd3 h6 8. O-O e6 9. Re1 Nd7 10. Qd2 Ngf6 11. h3 e5 12. dxe5 dxe5 13. Rad1 Qe7 14. Qc1 O-O-O 15. Nd2 g5 16. Nf1 Nh5 17. Nd5 Qf8 18. c4 Nf4 19. a5 Nc5 20. Bc2 bxa5 21. Qa1 a4 22. Ng3 c6 23. Nb6+ Kc7 24. Nxa4 Ncd3 25. Bb6+ Kc8 26. Bxd8 Nxe1 27. Nb6+ Kb8 28. Nd7+ Ka7 29. Bb6+ Ka8 30. Nxf8 Nxc2 31. Rd8+ Bc8 32. Qxa6+ 1-0


[Site "https://www.chess.com"]

[Event "Titled Tuesday Blitz August 31 2021"]
[White "Ulko, Jaroslav"]
[Black "Shkapenko, Pavel"]
[WhiteFideId "4116658"]
[BlackFideId "4151933"]
[WhiteElo "2304"]
[BlackElo "2386"]
[Result "0-1"]
[Round "10"]
[TimeControl "180+1"]
[Date "2021.08.31"]
[WhiteClock "0:00:01"]
[BlackClock "0:00:08"]

1. d4 Nf6 2. Nf3 e6 3. c4 Bb4+ 4. Bd2 Qe7 5. g3 Nc6 6. Nc3 Bxc3 7. Bxc3 Ne4 8. Rc1 O-O 9. Bg2 d6 10. d5 Nd8 11. dxe6 Nxe6 12. O-O a5 13. b3 f5 14. Bb2 f4 15. Nd4 N4c5 16. Nb5 Bd7 17. Nc3 Bc6 18. Nd5 Qf7 19. Qd2 Rae8 20. Qxa5 Ra8 21. Qc3 Rxa2 22. gxf4 Bxd5 23. Bxd5 c6 24. Bxe6 Nxe6 25. e3 Qh5 26. f3 Rf6 27. Rf2 Rg6+ 28. Kh1 Qh3 29. Rcf1 Ra8 30. Qc2 Rf8 31. Rg1 Rxg1+ 32. Kxg1 Rf5 33. Qe4 Kf7 34. Rg2 g6 35. Rg3 Qh4 36. Qd3 Qd8 37. Qc3 Qf8 38. b4 d5 39. cxd5 Rxd5 40. e4 Rd1+ 41. Kg2 Nxf4+ 42. Kf2 Rd6 43. Qb3+ Ne6 44. Be5 Rd2+ 45. Ke1 Qd8 46. f4 Rxh2 47. Rd3 Qa8 48. Qa3 Qxa3 49. Rxa3 g5 50. f5 Nf4 51. Bxf4 gxf4 52. Ra7 Kf6 53. Rxb7 f3 54. Rc7 Re2+ 55. Kf1 Rxe4 56. Rxc6+ Kxf5 57. b5 Rb4 58. b6 Kf4 59. Rf6+ Kg3 0-1


[Site "https://www.chess.com"]

[Event "Titled Tuesday Blitz August 31 2021"]
[White "Van der Werf, Mark"]
[Black "Quirke, Jeffrey"]
[WhiteFideId "1000470"]
[BlackFideId "2013029"]
[WhiteElo "2398"]
[BlackElo "2325"]
[Result "1-0"]
[Round "10"]
[TimeControl "180+1"]
[Date "2021.08.31"]
[WhiteClock "0:00:49"]
[BlackClock "0:00:05"]

1. e4 c6 2. d4 d5 3. exd5 cxd5 4. Bd3 Nc6 5. c3 Qc7 6. h3 g6 7. Nf3 Bf5 8. Be2 Nf6 9. O-O Bg7 10. Re1 O-O 11. Nbd2 Rfe8 12. Nf1 Rad8 13. Ng3 Bc8 14. Bb5 a6 15. Bxc6 bxc6 16. Ne5 Nd7 17. Nxd7 Bxd7 18. Qf3 e5 19. dxe5 Bxe5 20. Bg5 Rb8 21. Re2 Be6 22. Rae1 Bg7 23. Bf6 c5 24. h4 h5 25. Bxg7 Kxg7 26. Nxh5+ gxh5 27. Re5 Bg4 28. Qf4 Rxe5 29. Rxe5 Qb7 30. f3 Be6 31. Rxh5 Kf8 32. Qd6+ Kg7 33. Rg5+ Kh7 34. Qe5 f6 35. Qxf6 Qf7 36. Qe5 Rxb2 37. Rh5+ 1-0


[Site "https://www.chess.com"]

[Event "Titled Tuesday Blitz August 31 2021"]
[White "Viani Antonio Dcunha"]
[Black "Starozhilov, Leonid"]
[WhiteFideId "5027330"]
[BlackFideId "14106752"]
[WhiteElo "2366"]
[BlackElo "2414"]
[Result "0-1"]
[Round "10"]
[TimeControl "180+1"]
[Date "2021.08.31"]
[WhiteClock "0:00:06"]
[BlackClock "0:01:14"]

1. d4 Nf6 2. c4 g6 3. Nc3 Bg7 4. e4 d6 5. Nf3 Bg4 6. Be2 O-O 7. Be3 a6 8. O-O Nfd7 9. h3 Bxf3 10. Bxf3 c5 11. Re1 Nc6 12. d5 Nd4 13. g3 b5 14. cxb5 axb5 15. Bxd4 Bxd4 16. Nxb5 Bxb2 17. Rb1 Bg7 18. Re2 Qa5 19. Rb3 c4 20. Rb1 Rfb8 21. a4 Nc5 22. Ra2 Rxb5 23. Rxb5 Qxb5 24. axb5 Rxa2 25. Kg2 c3 26. e5 Bxe5 27. b6 c2 28. Qe2 c1=Q 29. Qxa2 Qb2 30. Qa8+ Kg7 0-1


[Site "https://www.chess.com"]

[Event "Titled Tuesday Blitz August 31 2021"]
[White "Visakh N R"]
[Black "Jaracz, Pawel"]
[WhiteFideId "25012223"]
[BlackFideId "1102222"]
[WhiteElo "2428"]
[BlackElo "2495"]
[Result "1-0"]
[Round "10"]
[TimeControl "180+1"]
[Date "2021.08.31"]
[WhiteClock "0:02:03"]
[BlackClock "0:01:37"]

1. c4 e6 2. Nc3 d5 3. e3 Nf6 4. Nf3 c6 5. b3 Bd6 6. Bb2 O-O 7. Be2 e5 8. cxd5 cxd5 9. Nb5 Nc6 10. Nxd6 Qxd6 11. O-O d4 12. exd4 exd4 13. Bb5 Bg4 14. h3 Bh5 15. g4 Bg6 16. Bxc6 bxc6 17. Bxd4 Ne4 18. Be3 h5 19. Nh4 hxg4 20. Nxg6 fxg6 21. Qxg4 Rae8 22. Rac1 Rf5 23. d3 Nf6 24. Qxg6 Rf3 25. Kg2 Qd5 26. Rc5 1-0


[Site "https://www.chess.com"]

[Event "Titled Tuesday Blitz August 31 2021"]
[White "Weetik, Vjacheslav"]
[Black "Gabrielian, Artur"]
[WhiteFideId "4153472"]
[BlackFideId "4131002"]
[WhiteElo "2469"]
[BlackElo "2513"]
[Result "0-1"]
[Round "10"]
[TimeControl "180+1"]
[Date "2021.08.31"]
[WhiteClock "0:00:10"]
[BlackClock "0:00:30"]

1. d4 Nf6 2. Bf4 e6 3. e3 d5 4. Nd2 c5 5. c3 Bd6 6. Bxd6 Qxd6 7. Bd3 O-O 8. Rc1 b6 9. Ngf3 Ba6 10. Bxa6 Nxa6 11. O-O Nb8 12. Qe2 Nbd7 13. Rcd1 e5 14. dxe5 Nxe5 15. Nxe5 Qxe5 16. Nf3 Qe6 17. Qa6 h6 18. h3 Rfd8 19. Rd3 Rd7 20. Rfd1 Rad8 21. a4 Ne4 22. c4 Kh7 23. Rxd5 Rxd5 24. cxd5 Rxd5 25. Rxd5 Qxd5 26. Qxa7 Qd1+ 27. Kh2 Qd6+ 28. Kg1 Qd1+ 29. Kh2 Nxf2 30. Qxf7 Qh1+ 31. Kg3 Ne4+ 32. Kf4 Nf6 33. Qe6 Qxg2 34. Qf5+ Kh8 35. Qc8+ Ng8 36. Ne5 g5+ 37. Kf5 Qxh3+ 38. Ng4 h5 39. Kxg5 hxg4 40. Qxg4 Qh6+ 41. Kf5 Qf6+ 42. Ke4 Qxb2 43. Qh4+ Kg7 44. Qg5+ Kf7 45. Qd5+ Kf8 46. Qd8+ Kg7 47. Qg5+ Kh7 48. Qh5+ Nh6 49. Qd5 Qg2+ 50. Ke5 Ng4+ 51. Kd6 Qxd5+ 52. Kxd5 Nxe3+ 53. Ke4 Nc4 0-1


[Site "https://www.chess.com"]

[Event "Titled Tuesday Blitz August 31 2021"]
[White "Xiong, Jeffery"]
[Black "Le, Tuan Minh"]
[WhiteFideId "2047640"]
[BlackFideId "12401153"]
[WhiteElo "2724"]
[BlackElo "2450"]
[Result "0-1"]
[Round "10"]
[TimeControl "180+1"]
[Date "2021.08.31"]
[WhiteClock "0:00:04"]
[BlackClock "0:00:02"]

1. c4 c6 2. d4 d5 3. Nf3 Nf6 4. cxd5 cxd5 5. Nc3 Nc6 6. Bf4 a6 7. Rc1 Qb6 8. Na4 Qa5+ 9. Bd2 Qd8 10. e3 Ne4 11. Be2 e6 12. O-O Nxd2 13. Nxd2 Bd6 14. a3 O-O 15. b4 Ne7 16. Qb3 b6 17. Rc2 Bd7 18. Rfc1 Qb8 19. Nf3 Rc8 20. Rxc8+ Nxc8 21. Bd3 g6 22. h4 Ra7 23. h5 Rc7 24. Nc3 b5 25. Re1 Nb6 26. e4 Qc8 27. Ne2 dxe4 28. Bxe4 Bc6 29. Ng5 Qd8 30. hxg6 hxg6 31. Nxf7 Rxf7 32. Bxc6 Nc4 33. Qd3 Qf6 34. Bf3 Rh7 35. Nc3 Bh2+ 36. Kf1 Bf4 37. Ne4 Qf5 38. g3 Bd2 39. Rb1 Rf7 40. Ke2 Bh6 41. Rh1 Bg7 42. Nc5 Qxd3+ 43. Nxd3 Bxd4 44. Bg4 Kg7 45. Nf4 Re7 46. Nxe6+ Kf6 47. Kd3 Bb6 48. f4 Nxa3 49. Rh6 Nc4 50. Ke4 Nd6+ 51. Kd5 Nf7 52. Rh7 Rd7+ 53. Kc6 Rd6+ 54. Kb7 Bf2 55. Nc7 Rb6+ 56. Kc8 Nd6+ 57. Kd7 g5 58. Nd5+ Kg6 0-1


[Site "https://www.chess.com"]

[Event "Titled Tuesday Blitz August 31 2021"]
[White "Yordanov, Nikolay Plamenov"]
[Black "Yeletsky, Ivan"]
[WhiteFideId "2907445"]
[BlackFideId "24180327"]
[WhiteElo "2248"]
[BlackElo "2344"]
[Result "0-1"]
[Round "10"]
[TimeControl "180+1"]
[Date "2021.08.31"]
[WhiteClock "0:00:10"]
[BlackClock "0:00:10"]

1. d4 Nf6 2. Bf4 d6 3. e3 c6 4. h3 Qa5+ 5. Nd2 e5 6. dxe5 dxe5 7. Bh2 Be6 8. Nf3 Nbd7 9. Be2 Bd6 10. O-O O-O-O 11. a3 Qc7 12. Bc4 e4 13. Bxd6 Qxd6 14. Bxe6 Qxe6 15. Nd4 Qd5 16. c4 Qe5 17. Qa4 Kb8 18. b4 h5 19. N2b3 Nb6 20. Qxc6 Qxd4 21. Nxd4 bxc6 22. Nxc6+ Kc7 23. Nxd8 Rxd8 24. Rfc1 Rd2 25. a4 Nbd7 26. a5 Ne5 27. b5 Nd3 28. Rc3 Nd7 29. b6+ axb6 30. axb6+ Nxb6 31. Ra7+ Kc6 32. Rxf7 g5 33. Rg7 g4 34. hxg4 hxg4 35. Rg6+ Kc5 36. Rb3 Nxc4 37. Rg5+ Nce5 38. Rxd3 exd3 39. Rxe5+ Kc4 40. Kh2 Rxf2 41. Re4+ Kc3 42. Rxg4 d2 43. Rd4 Rf1 44. g4 d1=Q 45. Rxd1 Rxd1 46. Kg3 Kc4 47. Kf4 Kd5 48. Kf5 Rf1+ 49. Kg6 Ke6 50. e4 Rf4 51. g5 Rxe4 52. Kg7 Rg4 53. Kh6 Kf5 0-1


[Site "https://www.chess.com"]

[Event "Titled Tuesday Blitz August 31 2021"]
[White "Zhigalko, Sergei"]
[Black "Abdurakhmonov, Mukhammadali"]
[WhiteFideId "13502956"]
[BlackFideId "14207346"]
[WhiteElo "2662"]
[BlackElo "2266"]
[Result "0-1"]
[Round "10"]
[TimeControl "180+1"]
[Date "2021.08.31"]
[WhiteClock "0:00:01"]
[BlackClock "0:00:14"]

1. e4 e5 2. Nf3 Nc6 3. Bc4 Nf6 4. Ng5 d5 5. exd5 Na5 6. Bb5+ c6 7. dxc6 bxc6 8. Bd3 Nd5 9. h4 Nf4 10. Bf1 h6 11. Nf3 e4 12. d4 Ne6 13. Nfd2 Qxd4 14. c3 Qe5 15. Qe2 f5 16. Nc4 Nxc4 17. Qh5+ Kd8 18. Bxc4 Bd6 19. Be3 f4 20. Qxe5 Bxe5 21. Bd2 Nc5 22. Na3 Kc7 23. O-O-O Bf5 24. Rde1 Rad8 25. b4 Nd3+ 26. Bxd3 Rxd3 27. Nc4 Rxc3+ 28. Bxc3 Bxc3 29. Rd1 Bxb4 30. Rd4 Bc5 31. Rd2 e3 32. fxe3 fxe3 33. Re2 Rd8 34. Rxe3 Bxe3+ 35. Nxe3 Be6 36. a3 Rd3 37. Nc2 Rg3 38. Re1 Bd5 39. Ne3 Bxg2 40. Nf5 Rxa3 41. Re7+ Kb6 42. Rxg7 Bd5 43. Nxh6 a5 44. Nf5 a4 45. h5 Ra1+ 46. Kb2 Ra2+ 47. Kb1 Rh2 48. Ng3 a3 49. h6 Rxh6 0-1


[Site "https://www.chess.com"]

[Event "Titled Tuesday Blitz August 31 2021"]
[White "Zong, Davis"]
[Black "Pajeken, Jakob Leon"]
[WhiteFideId "30903955"]
[BlackFideId "12942839"]
[WhiteElo "2390"]
[BlackElo "2231"]
[Result "1-0"]
[Round "10"]
[TimeControl "180+1"]
[Date "2021.08.31"]
[WhiteClock "0:00:24"]
[BlackClock "0:01:20"]

1. e4 d6 2. d4 Nf6 3. Nc3 e5 4. dxe5 dxe5 5. Qxd8+ Kxd8 6. Bc4 Be6 7. Bxe6 fxe6 8. f3 Bb4 9. Ne2 Nc6 10. a3 Ba5 11. Be3 Ke7 12. O-O-O Rhd8 13. g4 Bb6 14. Bxb6 axb6 15. h4 Nd4 16. Nxd4 exd4 17. Nb5 c5 18. h5 Ra5 19. c4 Nd7 20. f4 e5 21. f5 h6 22. g5 hxg5 23. Rdg1 Nf6 24. Rxg5 Kf7 25. h6 gxh6 26. Rxh6 Raa8 27. Nc7 Rh8 28. Rxf6+ Kxf6 29. Rg6+ Kf7 30. Nxa8 Rxa8 31. Rxb6 Ra4 32. Rxb7+ Kf6 33. b3 Rxa3 34. Kb2 Ra6 35. Rc7 Kg5 36. Rg7+ Kf4 37. Rg6 Ra7 38. f6 Rf7 39. b4 cxb4 40. Kb3 Kxe4 41. Kxb4 Kf5 42. Rg1 Rxf6 43. c5 Ke6 44. Kc4 Rh6 45. Ra1 Kf5 46. Kd5 d3 47. Rf1+ Kg4 48. Kxe5 Kg3 49. Rd1 Kf2 50. Rxd3 Ke2 51. Rd7 Ke3 52. Ra7 Kd3 53. Ra4 Kc3 54. Kd5 Kb3 55. Rg4 Rh1 56. c6 Rd1+ 57. Kc5 Rc1+ 58. Kb6 1-0


[Site "https://www.chess.com"]

[Event "Titled Tuesday Blitz August 31 2021"]
[White "Zubov, Alexander"]
[Black "Harutjunyan, Gevorg"]
[WhiteFideId "14109409"]
[BlackFideId "13300873"]
[WhiteElo "2740"]
[BlackElo "2498"]
[Result "0-1"]
[Round "10"]
[TimeControl "180+1"]
[Date "2021.08.31"]
[WhiteClock "0:00:01"]
[BlackClock "0:00:05"]

1. d4 Nf6 2. c4 g6 3. Nc3 Bg7 4. e4 O-O 5. f4 d6 6. Nf3 c5 7. dxc5 Qa5 8. Bd3 Qxc5 9. Qe2 Bg4 10. Be3 Qh5 11. O-O Nc6 12. Rac1 Nd7 13. Qf2 Bxf3 14. gxf3 Nc5 15. Bb1 Bh6 16. Nd5 Ne6 17. f5 Bxe3 18. Qxe3 gxf5 19. exf5 Ned4 20. Kh1 Kh8 21. f6 e5 22. Be4 Rg8 23. Rg1 Ne6 24. Ne7 Nxe7 25. fxe7 Rae8 26. Rxg8+ Kxg8 27. Rg1+ Kh8 28. Qd2 Nd4 29. Qg2 Qh6 30. Qg4 f5 31. Bxf5 Qf6 32. Bxh7 Nxf3 33. Qg8+ Rxg8 34. Rxg8+ Kxh7 35. e8=Q Ng5 36. Rxg5 Qf1+ 0-1


[Site "https://www.chess.com"]

[Event "Titled Tuesday Blitz August 31 2021"]
[White "Abdurakhmonov, Mukhammadali"]
[Black "Pridorozhni, Aleksei"]
[WhiteFideId "14207346"]
[BlackFideId "4127870"]
[WhiteElo "2266"]
[BlackElo "2565"]
[Result "0-1"]
[Round "11"]
[TimeControl "180+1"]
[Date "2021.08.31"]
[WhiteClock "0:00:02"]
[BlackClock "0:00:40"]

1. e4 c5 2. Nc3 Nc6 3. Nge2 Nf6 4. d4 cxd4 5. Nxd4 e6 6. Ndb5 Bc5 7. Bf4 O-O 8. Bc7 Qe7 9. Bd6 Bxd6 10. Qxd6 Qd8 11. O-O-O a6 12. Nd4 Qb6 13. Nxc6 bxc6 14. f4 Qe3+ 15. Kb1 Ne8 16. Qd2 Qxd2 17. Rxd2 d5 18. Bd3 Nf6 19. Re1 a5 20. Na4 Nd7 21. c4 Bb7 22. cxd5 cxd5 23. Bb5 Nf6 24. Nc5 Rab8 25. Nxb7 Rxb7 26. Bc6 Rb4 27. exd5 exd5 28. g3 Rfb8 29. Ree2 Ne4 30. Rc2 Rd4 31. a3 Nd6 32. Rcd2 Rxd2 33. Rxd2 Nc4 34. Re2 d4 35. Be4 Nxa3+ 36. Ka2 Nc4 37. Bd3 Ne3 38. Re1 Rc8 39. Kb3 Kf8 40. Ra1 Rc5 41. Ra4 Rd5 42. Be4 Rb5+ 43. Ka2 Nd1 44. Rxd4 Rxb2+ 45. Ka3 Rb4 46. Rxb4 axb4+ 47. Kxb4 Ne3 48. Kc3 Nf1 49. Bxh7 g6 50. f5 g5 51. f6 Nxh2 52. Bf5 Nf1 53. g4 Ne3 54. Bd7 Nd5+ 55. Kd4 Nxf6 56. Bf5 Ke7 57. Ke3 Kd6 58. Kf3 Ke5 59. Bc2 Nd7 60. Bb3 f6 61. Ba4 Nc5 62. Bc2 Ne6 63. Kg3 Nd4 64. Bd3 Nb3 65. Bc2 Nc5 66. Kf3 Kd4 67. Bb1 Nd7 68. Bc2 Ne5+ 69. Kg3 Ke3 70. Bb1 Nc4 71. Bf5 Nd6 72. Bg6 Ne4+ 73. Kg2 Kf4 74. Bf5 Nd6 75. Bd7 Nc4 76. Kh3 Ne5 77. Bc8 Kf3 78. Bb7+ Kf2 79. Bc8 Ng6 80. Bd7 Nf4+ 81. Kh2 Kf3 82. Bc8 Nd3 83. Kg1 Ne5 0-1


[Site "https://www.chess.com"]

[Event "Titled Tuesday Blitz August 31 2021"]
[White "Aditya Mittal"]
[Black "Danielian, Vardan"]
[WhiteFideId "35042025"]
[BlackFideId "13301594"]
[WhiteElo "2171"]
[BlackElo "2534"]
[Result "1-0"]
[Round "11"]
[TimeControl "180+1"]
[Date "2021.08.31"]
[WhiteClock "0:01:01"]
[BlackClock "0:00:07"]

1. d4 Nf6 2. c4 g6 3. Nc3 Bg7 4. e4 O-O 5. Be2 d6 6. Be3 a6 7. h4 b6 8. h5 c5 9. d5 b5 10. cxb5 Qa5 11. Bd2 axb5 12. Nxb5 Qb6 13. Qc2 Ba6 14. a4 Bxb5 15. Bxb5 Qxb5 16. axb5 Rxa1+ 17. Ke2 Nbd7 18. Bc3 Rb8 19. b3 Ra7 20. Nf3 Rxb5 21. h6 Bf8 22. Nd2 Rab7 23. f3 Nh5 24. Kf2 Bxh6 25. Nc4 Bg7 26. Rb1 Bxc3 27. Qxc3 Ra7 28. Qd2 Nb6 29. Nxb6 Rxb6 30. g4 Nf6 31. Qc3 Rb4 32. Ra1 Rxb3 33. Qxb3 Rxa1 34. Qb7 Ra2+ 35. Kg3 Kf8 36. Qb8+ Kg7 37. Qc7 Ng8 38. e5 dxe5 39. Qxe5+ f6 40. Qc7 Rc2 41. d6 Kf7 42. d7 1-0


[Site "https://www.chess.com"]

[Event "Titled Tuesday Blitz August 31 2021"]
[White "Akshat, Khamparia"]
[Black "Wachinger, Guenther"]
[WhiteFideId "5016541"]
[BlackFideId "4604261"]
[WhiteElo "2237"]
[BlackElo "2212"]
[Result "1-0"]
[Round "11"]
[TimeControl "180+1"]
[Date "2021.08.31"]
[WhiteClock "0:00:12"]
[BlackClock "0:00:03"]

1. d4 d5 2. c4 e6 3. Nc3 c6 4. e4 Bb4 5. cxd5 exd5 6. e5 Bf5 7. a3 Ba5 8. Ne2 Ne7 9. Ng3 Bg6 10. h4 Nf5 11. Nxf5 Bxf5 12. g4 Bc8 13. b4 Bb6 14. Be3 Nd7 15. Bd3 Nxe5 16. dxe5 d4 17. Bg5 f6 18. exf6 gxf6 19. Qe2+ Kf7 20. Bc4+ Kg7 21. Bh6+ Kxh6 22. g5+ Kg6 23. h5+ Kg7 24. h6+ Kf8 25. Ne4 f5 26. Nf6 Qe7 27. Qxe7+ Kxe7 28. Kd2 Bd7 29. Rae1+ Kd6 30. Nxh7 d3 31. Nf6 Bd8 32. f4 b5 33. Bxd3 Bxf6 34. gxf6 Raf8 35. Kc3 Rxf6 36. Rd1 Kc7 37. h7 Rf7 38. Bc2 Rfxh7 39. Rxd7+ Kxd7 40. Rxh7+ Kd6 41. Bxf5 1-0


[Site "https://www.chess.com"]

[Event "Titled Tuesday Blitz August 31 2021"]
[White "Andreikin, Dmitry"]
[Black "Kamsky, Gata"]
[WhiteFideId "4158814"]
[BlackFideId "2000024"]
[WhiteElo "2782"]
[BlackElo "2644"]
[Result "1-0"]
[Round "11"]
[TimeControl "180+1"]
[Date "2021.08.31"]
[WhiteClock "0:00:08"]
[BlackClock "0:00:02"]

1. Nf3 Nf6 2. c4 g6 3. Nc3 Bg7 4. e4 d6 5. d4 O-O 6. Be2 e5 7. O-O Na6 8. Be3 Ng4 9. Bg5 Qe8 10. h3 h6 11. Bc1 Nf6 12. Re1 c6 13. Bf1 Nh5 14. Be3 Qe7 15. c5 exd4 16. cxd6 Qxd6 17. Bxa6 bxa6 18. Bxd4 Bxd4 19. Qxd4 Qxd4 20. Nxd4 c5 21. Nb3 Rb8 22. Nd5 c4 23. Na5 Rxb2 24. Nxc4 Rc2 25. Nce3 Rb2 26. Reb1 Rd2 27. g4 Ng7 28. Nf6+ Kh8 29. Rb8 Rdd8 30. Rc1 Ne6 31. Ned5 Kg7 32. Kh2 a5 33. Kg3 Nd4 34. Rc7 Be6 35. Rxd8 Rxd8 36. Rxa7 Nc6 37. Ra6 Rc8 38. f4 Nb4 39. Rxa5 Nxd5 40. Nxd5 Rc2 41. a4 Ra2 42. f5 Ra3+ 43. Kf4 Bd7 44. Ra7 Bc6 45. f6+ Kh8 46. Rxf7 Bxd5 47. exd5 Rxa4+ 48. Ke5 Ra3 49. Rg7 g5 50. d6 Re3+ 51. Kf5 1-0


[Site "https://www.chess.com"]